 Dungeon Crawl Stone Soup version 0.23-a0-629-gae4348f (webtiles) character file.

865 nikopol the Chopper (level 8, -1/70 HPs)
             Began as a Hill Orc Fighter on Dec 26, 2018.
             Slain by a crimson imp (2 damage)
             ... on level 6 of the Dungeon.
             The game lasted 00:05:54 (4582 turns).

nikopol the Chopper (Hill Orc Fighter)              Turns: 4582, Time: 00:05:55

Health: -1/70      AC:  7    Str: 21    XL:     8   Next: 3%
Magic:  8/8        EV:  8    Int:  8    God:
Gold:   164        SH: 10    Dex: 10    Spells: 5/7 levels left

rFire    . . .     SeeInvis .   a - +0 war axe
rCold    . . .     Gourm    .   c - +0 shield
rNeg     . . .     Faith    .   b - +0 scale mail
rPois    .         Spirit   .   (no helmet)
rElec    .         Reflect  .   (no cloak)
rCorr    .         Harm     .   (no gloves)
MR       .....                  (no boots)
Stlth    ..........             (no amulet)
HPRegen  0.21/turn              (no ring)
MPRegen  0.11/turn              (no ring)

@: no status effects
A: no striking features
a: Convert to Beogh


You were on level 6 of the Dungeon.
You were not hungry.

You visited 1 branch of the dungeon, and saw 6 of its levels.

You collected 164 gold pieces.

Inventory:

Hand Weapons
 a - a +0 war axe (weapon)
Missiles
 q - 4 tomahawks (quivered)
 v - 6 javelins
Armour
 b - a +0 scale mail (worn)
 c - a +0 shield (worn)
Wands
 u - a wand of polymorph (6)
Scrolls
 h - 5 scrolls of identify {unknown}
 i - 5 scrolls of remove curse {unknown}
 j - 2 scrolls of blinking {unknown}
 k - a scroll of fog {unknown}
 l - a scroll of fear {unknown}
 m - a scroll of amnesia {unknown}
 o - a scroll of noise {unknown}
 p - 4 scrolls of enchant armour {unknown}
 s - 2 scrolls of teleportation {unknown}
 t - a scroll of immolation {unknown}
 x - a scroll of random uselessness {unknown}
Potions
 d - 2 potions of might
 e - 2 potions of berserk rage {unknown}
 g - 4 potions of curing {unknown}
 n - 2 potions of heal wounds {unknown}
 r - a potion of resistance {unknown}
Comestibles
 f - 13 rations


   Skills:
 + Level 5.6 Fighting
 + Level 7.4 Axes
 + Level 5.5 Armour
 + Level 1.6 Dodging
 + Level 0.3 Stealth
 + Level 4.9 Shields


You had 5 spell levels left.
You knew the following spells:

 Your Spells              Type           Power        Failure   Level  Hunger
a - Blink                 Tloc           N/A          99%         2    ###....

Your spell library contained the following spells:

 Spells                   Type           Power        Failure   Level  Hunger
 Magic Dart               Conj           #...         99%         1    ##.....
 Call Imp                 Summ           #.......     99%         2    ###....
 Slow                     Hex            #.......     99%         2    ###....
 Conjure Flame            Conj/Fire      #.......     100%        3    ####...
 Mephitic Cloud           Conj/Pois/Air  #.......     100%        3    ####...


Dungeon Overview and Level Annotations

Branches:
Dungeon (6/15)
 Temple: D:4-7

Altars:
Ashenzari
Cheibriados
Fedhas
Xom

Annotations:
D:5 1 runed door, Shiggs's ghost, amateur DgSk


Message History

You are too injured to fight recklessly!
You are too injured to fight recklessly!
You are too injured to fight recklessly!
You are too injured to fight recklessly!
You are too injured to fight recklessly!
You are too injured to fight recklessly!
You are too injured to fight recklessly!
You are too injured to fight recklessly!
You block the killer bee zombie's attack.
The killer bee zombie barely misses you.
The killer bee zombie hits you.
* * * LOW HITPOINT WARNING * * *
You block the crimson imp's attack. The killer bee zombie hits you.
* * * LOW HITPOINT WARNING * * *
You block the killer bee zombie's attack.
The orc priest calls down the wrath of Beogh upon you.
Beogh smites you!
* * * LOW HITPOINT WARNING * * *
The crimson imp hits you.
You die...

#.#.. ..#
#.#..####..# .#
#..........#..#
#..........#..#
#..............
#..............
#..............
#.....5@.# .
#.##.#Z..#....
#...lo.......
##.#o........
......#####..
#....o.... .
#........(.
####o....###
.>.....


You could see an iguana, 3 orc priests, a crimson imp, an orc and a killer bee
zombie.

Vanquished Creatures
  A sky beast (D:5)
  4 centaurs (D:5)
  A scorpion (D:4)
  2 crimson imps (D:5)
  2 orc priests (D:5)
  An orc wizard (D:5)
  An iguana (D:4)
  A worker ant (D:4)
  A howler monkey skeleton (D:5)
  9 adders
  An ooze (D:3)
  2 worms
  5 dart slugs
  A leopard gecko (D:1)
  9 orcs
  A ball python (D:2)
  4 giant cockroaches
  8 hobgoblins
  4 jackals (D:1)
  5 quokkas
  11 bats
  4 frilled lizards
  11 goblins
  9 kobolds
  9 rats
107 creatures vanquished.

Notes
Turn   | Place    | Note
-------+----------+-------------------------------------------
     0 | D:1      | nikopol the Hill Orc Fighter began the quest for the Orb.
     0 | D:1      | Reached XP level 1. HP: 19/19 MP: 1/1
    66 | D:1      | Reached XP level 2. HP: 27/27 MP: 2/2
   279 | D:1      | Reached skill level 3 in Axes
   283 | D:1      | Reached XP level 3. HP: 24/33 MP: 3/3
   989 | D:2      | Reached XP level 4. HP: 33/41 MP: 4/4
  1720 | D:3      | Reached skill level 1 in Dodging
  1777 | D:3      | Reached skill level 4 in Axes
  1777 | D:3      | Reached XP level 5. HP: 45/47 MP: 5/5
  2443 | D:4      | Reached skill level 5 in Axes
  2443 | D:4      | Reached XP level 6. HP: 46/53 MP: 6/6
  2948 | D:4      | Found a blossoming altar of Fedhas.
  2979 | D:5      | Entered Level 5 of the Dungeon
  2979 | D:5      | Found a snail-covered altar of Cheibriados.
  2979 | D:5      | Found a shattered altar of Ashenzari.
  2979 | D:5      | Found a shimmering altar of Xom.
  3155 | D:5      | Noticed Shiggs's ghost (amateur DgSk)
  3179 | D:5      | Reached skill level 5 in Fighting
  3621 | D:5      | Found a runed door.
  3654 | D:5      | Reached XP level 7. HP: 54/61 MP: 7/7
  3667 | D:5      | Reached skill level 5 in Armour
  3671 | D:5      | Reached skill level 6 in Axes
  4006 | D:5      | Reached skill level 7 in Axes
  4177 | D:5      | Learned a level 2 spell: Blink
  4290 | D:5      | Reached XP level 8. HP: 20/70 MP: 8/8
  4582 | D:6      | HP: 1/70 [orc priest/divine providence (12)]
  4582 | D:6      | Slain by a crimson imp

Vault maps used:
D:1:      shiori_arrival_elements
D:3:      first_ration
D:4:      marbit_many_paths
D:5:      chequers_temple_overflow_statue_of_worship,
          hellmonk_ghost_happy_afterlife
D:6:      kennysheep_spiral_hall, minmay_temple_entry_stoned_glass

Skill      XL: |  1  2  3  4  5  6  7 |
---------------+----------------------+-----
Fighting       | 4 5 |  5.6
Axes           | 3 4 5 7 |  7.4
Dodging        | 1 |  1.6
Armour         | 4 5 |  5.5
Shields        | 4 |  4.9
Stealth        | |  0.3

Action                   |  1- 3 |  4- 6 |  7- 9 || total
-------------------------+-------+-------+-------++-------
Melee: War axe           |   149 |   215 |    49 ||   413
  Eat: Chunk             |       |     8 |     2 ||    10
       Ration            |       |       |     1 ||     1
Armor: Scale mail        |    73 |   116 |    27 ||   216
Dodge: Dodged            |    42 |    69 |    16 ||   127
Block: Shield            |    84 |   117 |    20 ||   221

Table legend:
 A = Non-vault XP
 B = Vault XP
 C = Vault XP percentage of total XP
 D = Non-vault monster count
 E = Vault monster count
 F = Vault count percentage of total count
                 A         B        C        D         E       F
            +---------+---------+-------+---------+---------+-------
      Total |    1237 |       0 |   0.0 |     107 |       0 |   0.0
            +---------+---------+-------+---------+---------+-------
        D:1 |      67 |       0 |   0.0 |      36 |       0 |   0.0
        D:2 |      57 |       0 |   0.0 |      17 |       0 |   0.0
        D:3 |      97 |       0 |   0.0 |      28 |       0 |   0.0
        D:4 |     178 |       0 |   0.0 |       8 |       0 |   0.0
        D:5 |     838 |       0 |   0.0 |      18 |       0 |   0.0
            +---------+---------+-------+---------+---------+-------
